 Dungeon Crawl Stone Soup version 0.28-a0-628-g3c9886e45e (webtiles) character file.

Game seed: 9247742994975824918

98 mordus the Chopper (level 4, -3/39 HPs)
             Began as a Hill Orc Fighter on Oct 8, 2021.
             Slain by a gnoll (5 damage)
             ... on level 3 of the Dungeon.
             The game lasted 00:04:45 (2798 turns).

mordus the Chopper (Hill Orc Fighter)               Turns: 2798, Time: 00:04:46

Health: -3/39      AC:  7    Str: 19    XL:     4   Next: 71%
Magic:  4/4        EV:  9    Int:  8    God:
Gold:   47         SH:  4    Dex: 10    Spells: 3/3 levels left

rFire   . . .      SeeInvis .   a - +0 war axe
rCold   . . .      Faith    .   c - +0 buckler
rNeg    . . .      Spirit   .   b - +0 scale mail
rPois   .          Reflect  .   (no helmet)
rElec   .          Harm     .   (no cloak)
rCorr   .          Rampage  .   (no gloves)
Will    .....                   (no boots)
Stlth   ..........              (no amulet)
HPRegen 0.13/turn               (no ring)
MPRegen 0.09/turn               (no ring)

@: no status effects
A: no striking features
a: no special abilities


You were on level 3 of the Dungeon.
You visited 1 branch of the dungeon, and saw 3 of its levels.

You collected 47 gold pieces.

Inventory:

Hand Weapons
 a - a +0 war axe (weapon)
Armour
 b - a +0 scale mail (worn)
 c - a +0 buckler (worn)
Scrolls
 e - 3 scrolls of teleportation {unknown}
 f - a scroll of fog {unknown}
 g - 4 scrolls of identify {unknown}
 h - a scroll of amnesia {unknown}
 i - a scroll of vulnerability {unknown}
 m - 2 scrolls of magic mapping {unknown}
 n - a scroll of fear {unknown}
Potions
 d - a potion of might
 j - a potion of attraction {unknown}
 k - 2 potions of degeneration {unknown}
 l - a potion of curing {unknown}


   Skills:
 - Level 3.6 Fighting
 * Level 4.8 Axes
 + Level 4.0 Armour
 + Level 4.0 Shields


You had 3 spell levels left.
You didn't know any spells.
Your spell library was empty.

Dungeon Overview and Level Annotations

Branches:
Dungeon (3/15)

Altars:
Fedhas
Kikubaaqudgha


Message History

There are monsters nearby!
There are monsters nearby!
You are held in a net!
There are monsters nearby!
You are held in a net!
You are held in a net!
There are monsters nearby!
You are held in a net!
Unknown command.
You struggle against the net.
The gnoll hits you with a +0 club. The gnoll hits you but does no damage.
You struggle against the net.
The gnoll hits you with a +0 club. The gnoll hits you but does no damage.
You rip the net and break free!
The gnoll hits you but does no damage.
You hit the gnoll.
The gnoll is moderately wounded.
You barely miss the gnoll.
The gnoll hits you from afar with a +0 spear.
The gnoll hits you but does no damage. x2; The gnoll barely misses you.
You slash the gnoll!
The gnoll is almost dead.
You hit the gnoll. You block the gnoll's attack. The gnoll barely misses you.
The gnoll hits you with a +0 flail. The gnoll hits you with a +0 club.
* * * LOW HITPOINT WARNING * * *
Unknown command.
The gnoll hits you but does no damage.
You slash the gnoll!
You kill the gnoll!
The gnoll throws a throwing net.
The throwing net barely misses you.
Things that are here:
a +0 flail; a gnoll corpse You closely miss the gnoll.
You hit the gnoll. The gnoll misses you. The gnoll hits you but does no damage.
You closely miss the gnoll.
The gnoll is lightly wounded.
You barely miss the gnoll.
The gnoll hits you but does no damage. x2
The gnoll hits you with a +0 spear!
* * * LOW HITPOINT WARNING * * *
The gnoll hits you from afar with a +0 spear.
You die...

#.#####.###...##.#....
#.....>...#._.#.......
######.####P..##.#....
#.#..#####.......
#.#.# ##...#.# #.#.#
#####.# #.#(###### #..
####................
#gg@...#############
#.###### #g# ####.#
#....# #.##.# # ...
..... #......


You could see 2 gnolls.

Vanquished Creatures
  A gnoll (D:3)
  3 adders
  A worm (D:2)
  3 dart slugs
  5 bats
  4 endoplasms
  3 giant cockroaches (D:1)
  6 goblins
  6 hobgoblins
  6 kobolds
  A quokka (D:1)
  3 ball pythons
  6 frilled lizards
  2 rats
50 creatures vanquished.

Vanquished Creatures (others)
  5 plants (D:3)
5 creatures vanquished.

Grand Total: 55 creatures vanquished

Notes
Turn   | Place    | Note
-------+----------+-------------------------------------------
     0 | D:1      | mordus the Hill Orc Fighter began the quest for the Orb.
     0 | D:1      | Reached XP level 1. HP: 19/19 MP: 1/1
   137 | D:1      | Reached XP level 2. HP: 26/26 MP: 2/2
  1044 | D:2      | Found a faded altar of an unknown god.
  1060 | D:2      | Reached XP level 3. HP: 12/31 MP: 3/3
  1705 | D:2      | Reached XP level 4. HP: 34/39 MP: 4/4
  2745 | D:3      | Found a blossoming altar of Fedhas.
  2745 | D:3      | Found an ancient bone altar of Kikubaaqudgha.
  2797 | D:3      | HP: 1/39 [gnoll (7)]
  2798 | D:3      | Slain by a gnoll

Illustrated notes

Levels and vault maps discovered:
D:1:      elethiomel_arrival_infinity_welcomes_careful_drivers,
          layout_loops_ring
D:2:      layout_basic, basic_ecumenical_altar, minmay_crystal_water
D:3:      layout_basic, grunt_temple_overflow_growth_and_decay,
          nicolae_hepliaklqana_monster_ancestors

Skill      XL: |  1  2  3  4 |
---------------+-------------+-----
Axes           | 3 4 |  4.8
Armour         | 4 |  4.0
Shields        | 4 |  4.0
Fighting       | |  3.6

Action                   |  1- 3 |  4- 6 || total
-------------------------+-------+-------++-------
Melee: War axe           |   119 |    43 ||   162
Armor: Scale mail        |    54 |    24 ||    78
Dodge: Dodged            |    53 |    15 ||    68
Block: Buckler           |    34 |     7 ||    41

Table legend: (Time is in decaauts)
 A = Elapsed time spent in this place.
 B = Non-inter-level travel time spent in this place.
 C = Inter-level travel time spent in this place.
 D = Time resting spent in this place.
 E = Time spent auto-exploring this place.
 F = Levels seen in this place.
 G = Mean time per level.
                   A        B        C        D        E       F      G
               +--------+--------+--------+--------+--------+-----+--------+
         Total |   2850 |   2791 |     59 |    238 |   2157 |   3 |  950.0 |
       Dungeon |   2850 |   2791 |     59 |    238 |   2157 |   3 |  950.0 |
               +--------+--------+--------+--------+--------+-----+--------+

Top non-repeatable levels by time:
     D:2: 1601 daAuts
     D:1: 1038 daAuts
     D:3: 210 daAuts
